 Dungeon Crawl Stone Soup version 0.31-a0-968-g24f9ace8b5 (webtiles) character file.

Game seed: 2464143720779028839

676 skwerlee the Chopper (level 7, -2/44 HPs)
             Began as a Gargoyle Berserker on Oct 27, 2023.
             Was a Believer of Trog.
             Splashed by a jelly's acid (7 damage)
             ... on level 4 of the Dungeon.
             The game lasted 00:05:13 (2414 turns).

skwerlee the Chopper (Gargoyle Berserker)           Turns: 2414, Time: 00:05:13

Health: -2/44      AC: 14    Str: 23    XL:     7   Next: 59%
Magic:  7/7        EV:  9    Int:  7    God:    Trog [**....]
Gold:   157        SH:  0    Dex:  9    Spells: 6/6 levels left

rFire   . . .        a - +0 hand axe
rCold   . . .        (no shield)
rNeg    + . .        f - +0 chain mail
rPois   ∞            (no helmet)
rElec   +            (no cloak)
rCorr   .            (no gloves)
SInv    .            (no boots)
Will    +....        (no amulet) Stlth
                     (no ring)
HPRegen 0.27/turn    (no ring)
MPRegen 0.10/turn

%: no passive effects
@: on berserk cooldown, attractive, enlightened, flying, slowed, very slow
A: sickness immunity, AC +4, negative energy resistance 1, electricity
resistance, torment resistance 1, petrification resistance
a: Renounce Religion, Berserk, Trog's Hand


You were on level 4 of the Dungeon.
You worshipped Trog.
Trog was pleased with you.
You visited 1 branch of the dungeon, and saw 4 of its levels.

You collected 157 gold pieces.

Inventory:

Hand Weapons
 a - a +0 hand axe (weapon)
Armour
 f - a +0 chain mail (worn)
Jewellery
 k - an amulet of magic regeneration
Scrolls
 c - a scroll of noise {unknown}
 g - 3 scrolls of identify {unknown}
 h - a scroll of fear {unknown}
 l - a scroll of amnesia {unknown}
Potions
 b - a potion of enlightenment
 d - a potion of heal wounds {unknown}
 e - a potion of attraction
 i - a potion of curing {unknown}
 j - a potion of might {unknown}


   Skills:
 + Level 5.4 Fighting
 + Level 6.4 Axes
 - Level 3.3 Armour
 - Level 2.0 Dodging


You had 6 spell levels left.
You didn't know any spells.
Your spell library was empty.

Dungeon Overview and Level Annotations

Branches:
Dungeon (4/15)
 Temple: D:4-7

Altars:
Ashenzari


Innate Abilities, Weirdness & Mutations

You are immune to sickness and miasma.
Your stone body is resilient. (AC +4)
You are immune to poison.
You resist negative energy. (rN+)
You are resistant to electric shocks. (rElec)
You are resistant to unholy torment.
You are immune to petrification.


Message History

You slash the hobgoblin!
You kill the hobgoblin!
Trog accepts your kill.
You hit the wyvern but do no damage.
You are no longer berserk.
You are exhausted.
You feel yourself slow down.
You hit the wyvern.
The wyvern is moderately wounded.
The wyvern barely misses you. x2; The wyvern misses you.
You hit the wyvern.
The wyvern is heavily wounded.
The wyvern bites you! The wyvern barely misses you.
You hit the wyvern.
The wyvern is severely wounded.
The wyvern bites you. The wyvern bites you!
* * * LOW HITPOINT WARNING * * *
You hit the wyvern.
The wyvern is severely wounded.
The wyvern barely misses you. The wyvern closely misses you.
You hit the wyvern.
The wyvern is almost dead.
The wyvern closely misses you. The wyvern bites you!
* * * LOW HITPOINT WARNING * * *
The wyvern bites you but does no damage.
You hit the wyvern.
You kill the wyvern!
Trog accepts your kill.
Your Axes skill increases to level 6!
It was a potion of attraction.
You feel attractive to monsters. The orc hits you but does no damage.
The jelly jiggles.
The orc barely misses you. The jelly is attracted toward you.
It was a potion of enlightenment.
You feel very buoyant.
You fly up into the air.
The orc closely misses you. The jelly hits you.
* * * LOW HITPOINT WARNING * * *
You are splashed with acid!
You die...

#######
######.....#
#.§J.'.#.#.#
#.##@#..#..#
##o#.#.#)#
.w#..†..#
'#######'##
#..o#......#
#.#o#.#†.#.#..#
g #..##..#..#
## #..##..#...
..#.#..#.#..


You could see a worm, a jelly and an orc.

Vanquished Creatures
  A wyvern (D:4)
  A water moccasin (D:4)
  A black bear (D:4)
  A scorpion (D:4)
  A howler monkey (D:4)
  A jelly (D:2)
  A hound (D:4)
  A scorpion zombie (D:2)
  An iguana (D:3)
  3 gnolls (D:2)
  3 adders
  4 dart slugs
  4 orcs (D:4)
  2 ball pythons
  5 bats
  2 endoplasms (D:1)
  3 giant cockroaches
  7 goblins
  8 hobgoblins
  4 jackals (D:1)
  7 kobolds
  3 quokkas (D:2)
  2 ball python skeletons (D:2)
  A ball python zombie (D:2)
  6 frilled lizards
  2 giant cockroach zombies (D:2)
  A quokka skeleton (D:2)
  8 rats (D:1)
84 creatures vanquished.

Notes
Turn   | Place    | Note
-------+----------+-------------------------------------------
     0 | D:1      | skwerlee the Gargoyle Berserker began the quest for the
                  | Orb.
     0 | D:1      | Reached XP level 1. HP: 14/14 MP: 1/1
    62 | D:1      | Reached XP level 2. HP: 20/20 MP: 2/2
   110 | D:1      | Reached skill level 3 in Axes
   363 | D:1      | Reached XP level 3. HP: 24/24 MP: 3/3
   457 | D:1      | Reached ** piety under Trog
   789 | D:2      | Reached XP level 4. HP: 20/29 MP: 4/4
   925 | D:2      | Reached XP level 5. HP: 33/33 MP: 5/5
  1018 | D:2      | Reached skill level 4 in Axes
  1475 | D:3      | Found a broken altar of Ashenzari.
  1593 | D:3      | Identified the +1 short sword "Ytequz" {freeze, *Noise rF++
                  | Str+3 Dex+3}
  2243 | D:4      | Noticed a wyvern
  2254 | D:4      | Reached XP level 6. HP: 29/39 MP: 6/6
  2295 | D:4      | Noticed a black bear
  2298 | D:4      | Noticed a water moccasin
  2303 | D:4      | Killed a black bear
  2304 | D:4      | Reached skill level 5 in Axes
  2387 | D:4      | Reached skill level 5 in Fighting
  2395 | D:4      | Reached XP level 7. HP: 44/44 MP: 7/7
  2412 | D:4      | Killed a wyvern
  2413 | D:4      | Reached skill level 6 in Axes
  2414 | D:4      | Splashed by a jelly's acid

Illustrated notes

Levels and vault maps discovered:
D:1:      sevenhm_arrival_forest_fort_small_4, layout_rooms,
          amcnicky_mini_corridor_feature, lexackson_kobold_supper
D:2:      layout_rooms, serial_undead, serial_undead_d, serial_undead_d,
          serial_undead_b, serial_undead_b, minmay_misc_feat_cross
D:3:      layout_basic, ashenzari_altar_1
D:4:      minmay_clustersquares, layout_cave_pools, eino_tiny_chamber

Skill      XL: |  1  2  3  4  5  6  7 |
---------------+----------------------+-----
Axes           | 3 4 5 6 |  6.4
Fighting       | 4 5 |  5.4
Armour         | 3 |  3.3
Dodging        | 2 |  2.0

Action                     |  1- 3 |  4- 6 |  7- 9 || total
---------------------------+-------+-------+-------++-------
  Melee: Hand axe          |   106 |   173 |    17 ||   296
         Punch             |       |     2 |       ||     2
 Invoke: Berserk           |     2 |     4 |       ||     6
    Use: Potion            |       |       |     2 ||     2
 Armour: Animal skin       |     8 |       |       ||     8
         Ring mail         |    29 |       |       ||    29
         Chain mail        |    54 |   156 |     9 ||   219
  Dodge: Dodged            |    68 |    79 |    11 ||   158

Table legend: (Time is in decaauts)
 A = Elapsed time spent in this place.
 B = Non-inter-level travel time spent in this place.
 C = Inter-level travel time spent in this place.
 D = Time resting spent in this place.
 E = Time spent auto-exploring this place.
 F = Levels seen in this place.
 G = Mean time per level.
                   A        B        C        D        E       F      G
               +--------+--------+--------+--------+--------+-----+--------+
         Total |   2498 |   2408 |     90 |    338 |   1524 |   4 |  624.5 |
       Dungeon |   2498 |   2408 |     90 |    338 |   1524 |   4 |  624.5 |
               +--------+--------+--------+--------+--------+-----+--------+

Top non-repeatable levels by time:
     D:3: 815 daAuts
     D:1: 755 daAuts
     D:2: 723 daAuts
     D:4: 204 daAuts
